 Dungeon Crawl Stone Soup version 0.30-a0-465-g8901f6c8b5 (webtiles) character file.

Game seed: 10539462984827771259

7077 cforsyth the Protected (level 10, 0/74 (94) HPs)
             Began as an Armataur Gladiator on Dec 19, 2022.
             Was an Elder of Okawaru.
             Slain by an orc warrior
             ... wielding a +0 scimitar
              (6 damage)
             ... on level 10 of the Dungeon.
             The game lasted 00:16:30 (11806 turns).

cforsyth the Protected (Armataur Gladiator)        Turns: 11806, Time: 00:16:31

HP:   0/74 (94)     AC: 21    Str: 21    XL:     10   Next: 84%
MP:   10/10         EV:  8    Int: 12    God:    Okawaru [****..]
Gold: 663           SH:  0    Dex: 11    Spells: 9/9 levels left

rFire   . . .      SeeInvis .    k - +3 morningstar
rCold   + . .      Faith    .    (no shield)
rNeg    . . .      Spirit   .    v - +2 scale mail {rC+}
rPois   .          Reflect  .    r - +2 hat
rElec   .          Harm     .    F - +2 cloak
rCorr   .          Roll     +    u - +0 pair of gloves
Will    .....                    (no barding)
Stlth   ..........               (no amulet)
HPRegen 0.32/turn                h - +4 ring of protection
MPRegen 0.12/turn                (no ring)

@: heavily drained
A: large, rugged brown scales 3, deformed body, armoured tail, roll, long
tongue, awkward tongue
a: Renounce Religion, Heroism, Finesse


You were on level 10 of the Dungeon.
You worshipped Okawaru.
Okawaru was greatly pleased with you.
You visited 2 branches of the dungeon, and saw 11 of its levels.

You collected 663 gold pieces.

Inventory:

Hand Weapons
 k - a +3 morningstar (weapon)
 y - a +0 flail of protection
 I - a +0 club
Missiles
 d - 4 throwing nets (quivered)
 e - 5 javelins
Armour
 r - a +2 hat (worn)
 u - a +0 pair of gloves (worn)
 v - a +2 scale mail of cold resistance (worn)
 F - a +2 cloak (worn)
Jewellery
 h - a +4 ring of protection (left hand)
Wands
 b - a wand of acid (6)
 G - a wand of mindburst (10)
Scrolls
 a - a scroll of amnesia {unknown}
 f - 3 scrolls of blinking
 g - a scroll of immolation {unknown}
 j - 2 scrolls of teleportation
 l - a scroll of fog
 p - 2 scrolls of vulnerability {unknown}
 s - a scroll of brand weapon {unknown}
 t - a scroll of noise {unknown}
 w - a scroll of summoning {unknown}
 H - a scroll of poison {unknown}
 J - 5 scrolls of identify
 K - a scroll of enchant armour {unknown}
 L - a scroll of magic mapping {unknown}
Potions
 c - 3 potions of lignification
 i - a potion of flight {unknown}
 m - 3 potions of haste
 n - a potion of invisibility {unknown}
 o - 2 potions of might
 q - 2 potions of heal wounds
 x - 2 potions of ambrosia
 z - a potion of magic
 A - a potion of mutation
 B - 3 potions of brilliance
 C - 3 potions of curing
 D - a potion of resistance {unknown}
 E - a potion of attraction {unknown}


   Skills:
 + Level 7.9 Fighting
 + Level 8.2 Maces & Flails
 + Level 7.8 Throwing
 + Level 9.9 Armour
 - Level 2.2 Dodging


You had 9 spell levels left.
You didn't know any spells.
Your spell library contained the following spells:

 Spells                   Type           Power      Damage    Failure   Level
 Static Discharge         Conj/Air       0%         2-2/arc   75%         2
 Sublimation of Blood     Necr           0%         N/A       75%         2
 Wereblood                Tmut           0%         N/A       75%         2
 Gell's Gravitas          Tloc           0%         N/A       92%         3
 Lesser Beckoning         Tloc           0%         N/A       92%         3
 Ozocubu's Armour         Ice            0%         N/A       92%         3
 Teleport Other           Tloc           0%         N/A       92%         3
 Vhi's Electric Charge    Tloc/Air       0%         N/A       92%         3
 Olgreb's Toxic Radiance  Pois           0%         N/A       100%        4
 Arcjolt                  Conj/Air       0%         1d10      100%        5
 Iskenderun's Battlesphe  Conj           0%         2d6       100%        5
 Lightning Bolt           Conj/Air       0%         1d11      100%        5
 Dispersal                Tloc           0%         N/A       100%        6
 Iron Shot                Conj/Erth      0%         9d1       100%        6
 Ozocubu's Refrigeration  Ice            0%         4d7       100%        7
 Ignition                 Fire           0%         3d3       100%        8
 Spellforged Servitor     Conj/Summ      Unusable   N/A       N/A         7
 Summon Hydra             Summ           Unusable   N/A       N/A         7

Dungeon Overview and Level Annotations

Branches:
Dungeon (10/15)            Temple (1/1) D:5            Lair (0/5) D:9
    Orc (0/2) D:9

Altars:
Ashenzari
Cheibriados
Elyvilon
Fedhas
Gozag
Hepliaklqana
Kikubaaqudgha
Makhleb
Nemelex Xobeh
Okawaru
Qazlal
Ru
Sif Muna
Trog
Uskayaw
Vehumet
Wu Jian
Xom
Zin
The Shining One

Annotations:
D:4 2 transporters


Innate Abilities, Weirdness & Mutations

You are completely covered in rugged brown scales. (AC +3, +7% HP)
Armour fits poorly on your strangely shaped body.
You have a long armoured tail.
You roll when moving toward enemies. (Rampage)
Your long tongue fully drains potion bottles. (2x potion effects)
Your tongue gives you trouble enunciating. (1.5x scroll delay)


Message History

The puff of flame hits you but does no damage.
The orc warrior hits you but does no damage.
The polar bear bites you!
The polar bear claws you but does no damage. x2
You closely miss the polar bear.
The polar bear is almost dead.
You are engulfed in a cloud of scalding steam.
The polar bear closely misses you.
The polar bear claws you but does no damage. x2
The orc wizard hits you but does no damage.
The orc warrior hits you but does no damage.
The polar bear barely misses you. x2
The polar bear claws you but does no damage.
The orc wizard barely misses you.
You hit the polar bear but do no damage.
The polar bear is almost dead.
The orc warrior hits you with a +0 scimitar!
* * * LOW HITPOINT WARNING * * *
The polar bear is engulfed in a cloud of scalding steam.
The polar bear bites you but does no damage.
The polar bear claws you.
* * * LOW HITPOINT WARNING * * *
The polar bear closely misses you.
The orc wizard is engulfed in a cloud of scalding steam.
The orc wizard hits you but does no damage.
Unknown command.
You hit the polar bear.
You tail-slap the polar bear, but do no damage.
The polar bear is almost dead.
The polar bear bites you!
* * * LOW HITPOINT WARNING * * *
The polar bear claws you.
* * * LOW HITPOINT WARNING * * *
The polar bear claws you but does no damage.
The orc warrior barely misses you. The orc hits you but does no damage.
The polar bear barely misses you.
The polar bear claws you but does no damage. x2
The orc wizard hits you but does no damage.
The orc warrior hits you with a +0 scimitar.
You die...

###########
................~~......
..............≈.≈~......
.............~≈≈~≈......
.<...........~≈~≈~~~...
###...####....≈.~..~.##
###<..# #....~.~~.~..#
......####....~ooh.~..#
...............o@.....#
...............~~.......
...............~~.......
.......###.....~......##
.......# #.....~......#
.......# #...#~~.#....#
.......###...#≈###....#
.............#≈# ....#
##############≈# ####


You could see a polar bear (berserk), an orc warrior, an orc wizard and an orc.

Vanquished Creatures
  Erica (D:8)
  A komodo dragon (D:9)
  A troll (D:6)
  A vampire (D:9)
  5 yaks (D:8)
  A wraith (D:9)
  2 steam dragons
  Edmund (D:4)
  A water moccasin (D:7)
  2 sky beasts
  An ice beast (D:6)
  An orc warrior (D:7)
  4 centaurs
  3 black bears
  A phantom (D:5)
  2 kobold brigands
  5 bullfrogs
  3 necrophages (D:5)
  A gnoll sergeant (D:9)
  3 scorpions
  28 wights
  3 killer bees (D:9)
  3 electric eels (D:6)
  A jelly (D:8)
  3 orc priests
  Crazy Yiuf (D:4)
  2 hounds (D:4)
  A gnoll bouda (D:4)
  Ijyb (D:3)
  7 iguanas
  4 orc wizards
  4 adders
  15 gnolls
  A shadow imp (D:6)
  A white imp (D:10)
  2 ufetubi
  3 worms
  A dart slug (D:4)
  19 orcs
  7 ball pythons
  10 bats
  8 endoplasms
  7 giant cockroaches
  37 hobgoblins
  6 jackals
  20 kobolds
  A quokka (D:3)
  8 frilled lizards
  28 goblins
  7 rats
279 creatures vanquished.

Vanquished Creatures (others)
  An orc (D:8)
  40 plants (D:9)
41 creatures vanquished.

Grand Total: 320 creatures vanquished

Notes
Turn   | Place    | Note
-------+----------+-------------------------------------------
     0 | D:1      | cforsyth the Armataur Gladiator began the quest for the
                  | Orb.
     0 | D:1      | Reached XP level 1. HP: 18/18 MP: 1/1
     1 | D:1      | Found a runed translucent door.
   251 | D:1      | Reached XP level 2. HP: 25/25 MP: 2/2
   699 | D:1      | Reached skill level 1 in Armour
   709 | D:1      | Reached XP level 3. HP: 21/31 MP: 3/3
  1302 | D:2      | Reached XP level 4. HP: 39/39 MP: 4/4
  1517 | D:2      | Reached skill level 2 in Armour
  2084 | D:3      | Found a faded altar of an unknown god.
  2307 | D:3      | Noticed Ijyb
  2317 | D:3      | Killed Ijyb
  2318 | D:3      | Reached XP level 5. HP: 39/47 MP: 5/5
  2816 | D:4      | Reached skill level 3 in Armour
  3007 | D:4      | Found a transporter.
  3068 | D:4      | Noticed a kobold demonologist
  3077 | D:4      | Found a transporter.
  3085 | D:4      | Noticed Edmund
  3110 | D:4      | Killed Edmund
  3111 | D:4      | Reached XP level 6. HP: 11/54 MP: 6/6
  3388 | D:4      | Reached skill level 4 in Armour
  3517 | D:4      | Reached XP level 7. HP: 62/62 MP: 7/7
  3583 | D:4      | Found a runed translucent door.
  3584 | D:4      | Noticed Crazy Yiuf
  3676 | D:4      | Killed Crazy Yiuf
  3783 | D:5      | Entered Level 5 of the Dungeon
  3979 | D:5      | Found a staircase to the Ecumenical Temple.
  3987 | D:5      | Reached skill level 5 in Armour
  3992 | Temple   | Entered the Ecumenical Temple
  4261 | Temple   | Became a worshipper of Warmaster Okawaru
  4330 | D:5      | Reached skill level 5 in Maces & Flails
  4523 | D:5      | Reached XP level 8. HP: 71/71 MP: 8/8
  5303 | D:6      | Reached skill level 5 in Fighting
  5329 | D:6      | Reached skill level 5 in Throwing
  5329 | D:6      | Reached skill level 6 in Armour
  5361 | D:6      | Reached * piety under Okawaru
  5520 | D:6      | Found a shimmering altar of Xom.
  5690 | D:6      | Found a broken altar of Ashenzari.
  5737 | D:6      | Found an ornate altar of the Wu Jian Council.
  5824 | D:6      | Noticed a troll
  5835 | D:6      | Killed a troll
  5836 | D:6      | Reached XP level 9. HP: 25/80 MP: 9/9
  6008 | D:6      | Reached skill level 7 in Armour
  6020 | D:6      | Reached ** piety under Okawaru
  6648 | D:7      | Identified the +1 chain mail of Makhleb's Indignation {+Inv
                  | rF- Dex+2}
  7905 | D:7      | Reached skill level 8 in Armour
  8210 | D:8      | Noticed Erica
  9089 | D:7      | Reached *** piety under Okawaru
  9164 | D:8      | Reached XP level 10. HP: 87/89 MP: 10/10
  9185 | D:8      | Killed Erica
  9306 | D:8      | Found a burning altar of Makhleb.
  9521 | D:8      | Reached skill level 9 in Armour
  9908 | D:8      | Reached **** piety under Okawaru
 10065 | D:9      | Found a shimmering blue altar of Sif Muna.
 10089 | D:9      | Identified the +0 dagger "Uhuca" {freeze, rElec rC++ Will+}
 10170 | D:9      | Found a staircase to the Orcish Mines.
 10178 | D:9      | Found a staircase to the Lair.
 11443 | D:9      | Found a bloodstained altar of Trog.
 11514 | D:9      | HP: 3/74 [poisoned by a gnoll sergeant]
 11770 | D:10     | Entered Level 10 of the Dungeon
 11806 | D:10     | Slain by an orc warrior

Illustrated notes

Levels and vault maps discovered:
D:1:      dpeg_arrival_caged_fury, layout_loops_corners, minmay_misc_feat_cross,
          kennysheep_doodads, minmay_tripent
D:2:      minmay_evil_eye, layout_loops_ring, minmay_tiny_reverse_x
D:3:      layout_basic, hellmonk_ecumenical_altar_run_dry, uniq_ijyb
D:4:      gammafunk_wand_slinger, layout_rooms, serial_glass, glass_columns_a,
          glass_columns_b, uniq_edmund, uniq_crazy_yiuf_cottage
D:5:      layout_rooms, minmay_temple_entry_enclosed_plants
D:6:      minmay_goblin_kobold_castle, layout_rooms, overflow_temple_1_default,
          mainiacjoe_overflow_brackets, nzn_wu_jian_contemplation
D:7:      layout_loops_cross
D:8:      layout_basic, bloody_makhleb, uniq_erica
D:9:      layout_roguey, amcnicky_altar_gilded, mainiacjoe_overflow_alcove_2,
          david_lair_shrubbed, orc_0_dummy
D:10:     layout_small_grid, jmf_multi_god_temple, serial_ice, serial_ice_g,
          serial_ice_k, serial_ice_e, serial_ice_a, nicolae_benzene_ring,
          kennysheep_big_empty_room, patterned_corridor
Temple:   minmay_temple_curvy_branch

Skill      XL: |  1  2  3  4  5  6  7  8  9 10 |
---------------+-------------------------------+-----
Fighting       | 2 3 4 5 6 7 |  7.9
Throwing       | 2 3 4 5 6 7 |  7.8
Maces & Flails | 3 4 5 6 7 8 |  8.2
Armour         | 1 2 3 4 5 6 8 9 |  9.9
Dodging        | |  2.2

Action                   |  1- 3 |  4- 6 |  7- 9 | 10-12 || total
-------------------------+-------+-------+-------+-------++-------
Melee: Flail             |   122 |   210 |   300 |       ||   632
       Tailslap          |    13 |    30 |    55 |    36 ||   134
       Punch             |     1 |     4 |     6 |     3 ||    14
       Morningstar       |       |       |   170 |   252 ||   422
Invok: Heroism           |       |       |       |     2 ||     2
  Use: Potion            |       |     2 |       |     5 ||     7
       Scroll            |       |       |    11 |       ||    11
Armor: Leather armour    |    82 |    44 |       |       ||   126
       Scale mail        |       |   138 |   521 |   229 ||   888
       Skin              |       |     2 |       |       ||     2
Dodge: Dodged            |    73 |   116 |   251 |   105 ||   545

Table legend: (Time is in decaauts)
 A = Elapsed time spent in this place.
 B = Non-inter-level travel time spent in this place.
 C = Inter-level travel time spent in this place.
 D = Time resting spent in this place.
 E = Time spent auto-exploring this place.
 F = Levels seen in this place.
 G = Mean time per level.
                   A        B        C        D        E       F      G
               +--------+--------+--------+--------+--------+-----+--------+
         Total |  12014 |  11634 |    380 |   2539 |   6741 |  11 | 1092.2 |
       Dungeon |  11719 |  11388 |    331 |   2539 |   6497 |  10 | 1171.9 |
        Temple |    294 |    245 |     49 |      0 |    244 |   1 |  294.0 |
               +--------+--------+--------+--------+--------+-----+--------+

Top non-repeatable levels by time:
     D:6: 2495 daAuts
     D:7: 1924 daAuts
     D:9: 1430 daAuts
     D:8: 1254 daAuts
     D:1: 1186 daAuts
     D:4: 1071 daAuts
     D:3: 852 daAuts
     D:2: 748 daAuts
     D:5: 717 daAuts
  Temple: 294 daAuts
    D:10: 36 daAuts
